 Dungeon Crawl Stone Soup version 0.31-a0-702-gf82c85558f (webtiles) character file.

Game seed: 10417802895982658374

322 qw the Shooter (level 6, -7/39 HPs)
             Began as a Gargoyle Hunter on Sept 7, 2023.
             Mangled by a wraith (11 damage)
             ... in an ossuary.
             The game lasted 00:01:06 (2259 turns).

qw the Shooter (Gargoyle Hunter)                    Turns: 2259, Time: 00:01:07

Health: -7/39      AC: 12    Str: 21    XL:     6   Next: 47%
Magic:  6/6        EV: 11    Int:  9    God:
Gold:   248        SH:  0    Dex: 15    Spells: 5/5 levels left

rFire   . . .        Y - +0 shortbow
rCold   . . .        (shield currently unavailable)
rNeg    + . .        o - +0 ring mail
rPois   inf          (no helmet)
rElec   +            (no cloak)
rCorr   +            (no gloves)
SInv    .            i - +2 pair of boots
Will    .....        n - amulet of regeneration
Stlth   +            d - ring of resist corrosion
HPRegen 1.06/turn    b - +6 ring of strength
MPRegen 0.10/turn

%: no passive effects
@: slowed, very slow
A: sickness immunity, AC +4, negative energy resistance 1, electricity
resistance, torment resistance 1, petrification resistance
a: no special abilities


You were in an ossuary.
You visited 1 branch of the dungeon, and saw 4 of its levels.
You also visited: Ossuary.

You collected 248 gold pieces.


Innate Abilities, Weirdness & Mutations

You are immune to sickness and miasma.
Your stone body is resilient. (AC +4)
You are immune to poison.
You resist negative energy. (rN+)
You are resistant to electric shocks. (rElec)
You are resistant to unholy torment.
You are immune to petrification.


   Skills:
 - Level 4.4 Fighting
 + Level 6.4 Ranged Weapons
 - Level 1.4 Armour
 - Level 1.5 Dodging
 - Level 1.1 Stealth


You had 5 spell levels left.
You didn't know any spells.
Your spell library was empty.

Inventory:

Hand Weapons
 Y - a +0 shortbow (weapon)
Armour
 i - a +2 pair of boots (worn)
 o - a +0 ring mail (worn)
Jewellery
 b - a +6 ring of strength (right hand)
 d - a ring of resist corrosion (left hand)
 n - an amulet of regeneration (around neck)
Scrolls
 a - 2 scrolls of identify
 e - a scroll of enchant armour
Potions
 g - a potion of resistance
 j - 4 potions of curing
 k - a potion of might
 l - a potion of mutation {unknown}
 m - a potion of attraction {unknown}

Dungeon Overview and Level Annotations

Branches:
Dungeon (4/15)            Ossuary (1/1)
 Temple: D:4-7

Altars:

Shops:
D:4 =


Message History

You shoot an arrow.
The arrow hits the wraith but does no damage.
The wraith is heavily damaged.
The wraith misses you. The wraith hits you but does no damage.
You shoot an arrow. The arrow closely misses the wraith.
The wraith hits you. The wraith drains your vigour!
You feel as though you will be slow longer.
You shoot an arrow. The arrow closely misses the wraith.
The wraith hits you. The wraith hits you but does no damage.
You shoot an arrow. The arrow closely misses the wraith.
The wraith hits you but does no damage. The wraith hits you.
You shoot an arrow. The arrow barely misses the wraith.
The wraith hits you! The wraith drains your vigour!
You feel as though you will be slow longer.
The wraith hits you but does no damage.
2254 ||| DRINKING potion of heal wounds.
You feel much better. The wraith hits you. The wraith drains your vigour!
You feel as though you will be slow longer.
You shoot an arrow. The arrow barely misses the wraith.
The wraith hits you! x2
You shoot an arrow.
The arrow hits the wraith but does no damage.
The wraith is heavily damaged.
The wraith misses you.
You shoot an arrow.
The arrow hits the wraith but does no damage.
The wraith is heavily damaged.
The wraith barely misses you. The wraith hits you!
You shoot an arrow.
The arrow hits the wraith but does no damage.
The wraith is heavily damaged.
The wraith hits you. The wraith drains your vigour!
You feel as though you will be slow longer.
The wraith hits you but does no damage.
You shoot an arrow.
The arrow hits the wraith but does no damage.
The wraith is heavily damaged.
The wraith hits you!
You die...

#####+#####
#.........##
#...##@##...## .
.##..W##...## .
##.?!..##...# ..
#.!!?!!.#...+
...##.?!..##...#
#...##...##...##
. #...#####...##
...##.........##
....#####'#####..


You could see a wraith.

Vanquished Creatures
  A phantom (D:4)
  A hound (D:4)
  A jelly (D:4)
  A mummy (Ossuary)
  7 adders
  3 gnolls (D:2)
  2 ufetubi
  7 dart slugs
  4 orcs
  6 bats
  6 endoplasms
  A giant cockroach (D:3)
  3 goblins
  4 hobgoblins
  6 kobolds
  3 quokkas
  3 ball pythons
  2 gnoll skeletons (Ossuary)
  3 kobold skeletons (Ossuary)
  4 orc skeletons (Ossuary)
  6 rats
74 creatures vanquished.

Notes
Turn   | Place    | Note
-------+----------+-------------------------------------------
     0 | D:1      | qw the Gargoyle Hunter began the quest for the Orb.
     0 | D:1      | Reached XP level 1. HP: 12/12 MP: 1/1
     0 | D:1      | 0 ||| qw: Version: 0.3-a-76-g4403597
     0 | D:1      | 0 ||| qw: Game counter: 823
     0 | D:1      | 0 ||| qw: Melee chars always use a shield: true
     0 | D:1      | 0 ||| qw: God list: Okawaru
     0 | D:1      | 0 ||| qw: Allow faded altars: false
     0 | D:1      | 0 ||| qw: Do Orc after clearing Dungeon:15 true
     0 | D:1      | 0 ||| qw: Do second Lair branch before Depths: true
     0 | D:1      | 0 ||| qw: Lair rune preference: random
     0 | D:1      | 0 ||| qw: Goals: Normal
     0 | D:1      | 0 ||| PLANNING D:1-11
   186 | D:1      | Reached XP level 2. HP: 17/17 MP: 2/2
   554 | D:1      | 554 ||| UPGRADING to +1 pair of boots.
   559 | D:1      | 559 ||| UPGRADING to ring of resist corrosion.
   560 | D:1      | 560 ||| READING scroll labelled ZOURES PITZ.
   561 | D:1      | 561 ||| DRINKING 3 smoky green potions.
   562 | D:1      | 562 ||| DROPPING scroll of butterflies.
   577 | D:2      | Reached XP level 3. HP: 19/21 MP: 3/3
   593 | D:2      | Reached skill level 5 in Ranged Weapons
   632 | D:2      | 632 ||| Stepping ~*~*~tactically~*~*~ (retreating).
   633 | D:2      | 633 ||| Stepping ~*~*~tactically~*~*~ (retreating).
   634 | D:2      | 634 ||| Stepping ~*~*~tactically~*~*~ (retreating).
   635 | D:2      | 635 ||| Stepping ~*~*~tactically~*~*~ (retreating).
   636 | D:2      | 636 ||| Stepping ~*~*~tactically~*~*~ (retreating).
   644 | D:2      | Reached skill level 3 in Fighting
   649 | D:2      | Reached XP level 4. HP: 13/28 MP: 4/4
  1045 | D:2      | You fall into a shaft and drop 1 floor!
  1046 | D:3      | 1046 ||| READING scroll labelled HURPHA ATAAG.
  1047 | D:3      | 1047 ||| READING 3 scrolls labelled DOPYTA PEKIKAJ.
  1048 | D:3      | 1048 ||| READING 2 scrolls of enchant armour.
  1048 | D:3      | 1048 ||| ENCHANTING +1 pair of boots.
  1049 | D:3      | 1049 ||| DRINKING 3 metallic emerald potions.
  1050 | D:3      | 1050 ||| READING 2 scrolls of identify.
  1050 | D:3      | 1050 ||| IDENTIFYING white potion
  1076 | D:2      | Found a faded altar of an unknown god.
  1243 | D:2      | 1243 ||| UPGRADING to +6 ring of strength.
  1439 | D:3      | Reached XP level 5. HP: 32/32 MP: 5/5
  1586 | D:3      | 1586 ||| UPGRADING to +0 ring mail.
  1596 | D:3      | 1596 ||| DROPPING +0 leather armour.
  1597 | D:3      | 1597 ||| UPGRADING to amulet of regeneration.
  1602 | D:3      | 1602 ||| READING scroll labelled FOBBYFR XUHOSM.
  1603 | D:3      | 1603 ||| READING 2 scrolls of identify.
  1603 | D:3      | 1603 ||| IDENTIFYING fuming sapphire potion
  1604 | D:3      | 1604 ||| DROPPING potion of berserk rage.
  1621 | D:4      | Found Bisk's Jewellery Boutique.
  1622 | D:4      | 1622 ||| PLANNING OSSUARY
  1622 | D:4      | 1622 ||| RETREATING.
  1630 | D:4      | Reached skill level 1 in Armour
  1641 | D:4      | Reached skill level 6 in Ranged Weapons
  1645 | D:4      | HP: 8/32 [ufetubus (2)]
  1646 | D:4      | 1646 ||| DRINKING 2 potions of heal wounds.
  1673 | D:4      | 1673 ||| SHOPLISTING +4 ring of protection (468 gold, have
                  | 194).
  1673 | D:4      | 1673 ||| SHOPLISTING +6 ring of strength (468 gold, have
                  | 194).
  1673 | D:4      | 1673 ||| SHOPLISTING amulet of faith (520 gold, have 194).
  1673 | D:4      | 1673 ||| SHOPLISTING ring of Curiosity {Str+6 SInv} (613
                  | gold, have 194).
  1673 | D:4      | 1673 ||| SHOPLISTING ring of positive energy (260 gold,
                  | have 194).
  1990 | D:4      | Noticed a phantom
  2003 | D:4      | Killed a phantom
  2004 | D:4      | Reached XP level 6. HP: 34/39 MP: 6/6
  2139 | D:4      | Found a sand-covered staircase.
  2140 | D:4      | 2140 ||| DRINKING 2 amethyst potions.
  2141 | D:4      | 2141 ||| READING 2 scrolls of identify.
  2141 | D:4      | 2141 ||| IDENTIFYING brown potion
  2142 | D:4      | 2142 ||| DROPPING potion of brilliance.
  2148 | Ossuary  | Entered an ossuary
  2148 | Ossuary  | Noticed a wraith
  2148 | Ossuary  | Noticed a wraith
  2148 | Ossuary  | Noticed a wraith
  2217 | Ossuary  | Noticed a wraith
  2253 | Ossuary  | HP: 8/39 [wraith (9)]
  2254 | Ossuary  | 2254 ||| DRINKING potion of heal wounds.
  2257 | Ossuary  | HP: 2/39 [wraith (10)]
  2259 | Ossuary  | Mangled by a wraith

Levels and vault maps discovered:
D:1:      nzn_arrival_water_spiral, layout_rooms, nicolae_eternal_life,
          kennysheep_decorative_pillar, minmay_pentomino_u2
D:2:      layout_basic, shapermc_ecumenical_altar_hornbeckon, hex_medium
D:3:      layout_rooms, st_stairs_8
D:4:      layout_basic, nicolae_ossuary_entry_plus, serial_shops, shop,
          kennysheep_generic_room_15
Ossuary:  ossuary_due_mausoleum

Skill      XL: |  1  2  3  4  5 |
---------------+----------------+-----
Ranged Weapons | 5 6 |  6.4
Fighting       | 3 4 |  4.4
Armour         | 1 |  1.4
Dodging        | |  1.5
Stealth        | |  1.1

Action                     |  1- 3 |  4- 6 || total
---------------------------+-------+-------++-------
   Fire: Shortbow          |    62 |   205 ||   267
    Use: Scroll            |     1 |     7 ||     8
         Potion            |     1 |     4 ||     5
 Armour: Leather armour    |    10 |    16 ||    26
         Ring mail         |       |   129 ||   129
  Dodge: Dodged            |    14 |   107 ||   121

Table legend:
 A = Non-vault XP
 B = Vault XP
 C = Vault XP percentage of total XP
 D = Non-vault monster count
 E = Vault monster count
 F = Vault count percentage of total count
                 A         B        C        D         E       F
            +---------+---------+-------+---------+---------+-------
      Total |     416 |      45 |   9.8 |      60 |      14 |  18.9
            +---------+---------+-------+---------+---------+-------
        D:1 |      17 |       4 |  19.0 |       9 |       2 |  18.2
        D:2 |     118 |       0 |   0.0 |      26 |       0 |   0.0
        D:3 |      37 |       1 |   2.6 |      10 |       1 |   9.1
        D:4 |     244 |      13 |   5.1 |      15 |       1 |   6.2
    Ossuary |       0 |      27 | 100.0 |       0 |      10 | 100.0
            +---------+---------+-------+---------+---------+-------
